TOP OF THE 1ST |
Gwinnett Braves batting - Pitching for Syracuse Chiefs : RHP Chris Wood
|
Pitching: RHP Chris Wood
|
|
Batting: LHB Robby Dann
|
0-0: Foul Ball, location: 2F 0-1: Called Strike 0-2: Ground out 4-3 (Groundball, 4, EV 85.0 MPH)
|
Batting: LHB Luis Cruz
|
0-0: Called Strike 0-1: Swinging Strike 0-2: Ball 1-2: Ball 2-2: Ball 3-2: Foul Ball, location: 2F 3-2: Base on Balls
|
Batting: LHB Mark Buchholz
|
0-0: Ball 1-0: Ball 2-0: Called Strike 2-1: Foul Ball, location: 2F 2-2: Ball 3-2: Strikes out swinging
|
Batting: RHB Jose Ramos
|
0-0: Ball Luis Cruz is caught stealing 2nd base 2-4
|
Top of the 1st over - 0 runs, 0 hits, 0 errors, 0 left on base; Gwinnett 0 - Syracuse 0 |
BOTTOM OF THE 1ST |
Syracuse Chiefs batting - Pitching for Gwinnett Braves : RHP Jeremy Kasten
|
Pitching: RHP Jeremy Kasten
|
|
Batting: LHB Pat Aviles
|
0-0: Called Strike 0-1: Ball 1-1: Ball 2-1: Ground out 6-3 (Groundball, 56, EV 103.8 MPH)
|
Batting: LHB Kyung-jin Cho
|
0-0: Swinging Strike 0-1: Foul Ball, location: 2F 0-2: Strikes out looking
|
Batting: LHB Jae-ik Soung
|
0-0: Swinging Strike 0-1: Foul Ball, location: 2F 0-2: Ball 1-2: Strikes out swinging
|
Bottom of the 1st over - 0 runs, 0 hits, 0 errors, 0 left on base; Gwinnett 0 - Syracuse 0 |
TOP OF THE 2ND |
Gwinnett Braves batting - Pitching for Syracuse Chiefs : RHP Chris Wood
|
Batting: RHB Jose Ramos
|
0-0: Called Strike 0-1: Ball 1-1: Ball 2-1: SINGLE (Groundball, 6M, EV 96.9 MPH)
|
Batting: RHB Jose Garate
|
0-0: Called Strike 0-1: Ball 1-1: Ball 2-1: Ball 3-1: Called Strike 3-2: Foul Ball, location: 2F 3-2: Foul Ball, location: 2F 3-2: Foul Ball, location: 2F 3-2: Foul Ball, location: 2F 3-2: Foul Ball, location: 2F 3-2: Base on Balls Jose Ramos to second
|
Batting: SHB David Beauchamp
|
0-0: Called Strike 0-1: Ball 1-1: SINGLE (Groundball, 34D, EV 103.1 MPH) Jose Ramos to third Jose Garate to second Runner from 3rd tries for Home, SAFE, throw by RF to home
|
Batting: RHB Roberto Gonzalez
|
0-0: Swinging Strike 0-1: Reached on error, E6 (Groundball, 6D, EV 104.4 MPH) Jose Garate to third David Beauchamp to second
|
Batting: RHB Jesse Lester
|
0-0: Ball 1-0: SINGLE (Groundball, 4MD, EV 105.6 MPH) (infield hit) Jose Garate scores David Beauchamp to third Roberto Gonzalez to second
|
Batting: RHB Riley Nasiir
|
0-0: Called Strike 0-1: Called Strike 0-2: Strikes out swinging
|
Batting: LHB Robby Dann
|
0-0: Ball 1-0: Ball 2-0: Swinging Strike 2-1: Ball 3-1: Called Strike 3-2: Strikes out swinging
|
Batting: LHB Luis Cruz
|
0-0: Ball 1-0: Ball 2-0: Ball 3-0: Base on Balls David Beauchamp scores Roberto Gonzalez to third Jesse Lester to second
|
Batting: LHB Mark Buchholz
|
0-0: Called Strike 0-1: Ball 1-1: Ball 2-1: Swinging Strike 2-2: Foul Ball, location: 2F 2-2: Ball 3-2: Foul Ball, location: 2F 3-2: Base on Balls Roberto Gonzalez scores Jesse Lester to third Luis Cruz to second
|
Batting: RHB Jose Ramos
|
0-0: Ball 1-0: Ball 2-0: Ball 3-0: Called Strike 3-1: Swinging Strike 3-2: Strikes out swinging
|
Top of the 2nd over - 4 runs, 3 hits, 1 error, 3 left on base; Gwinnett 4 - Syracuse 0 |
BOTTOM OF THE 2ND |
Syracuse Chiefs batting - Pitching for Gwinnett Braves : RHP Jeremy Kasten
|
Batting: LHB Doug Anderson
|
0-0: Foul Ball, location: 2F 0-1: Called Strike 0-2: Ball 1-2: Ball 2-2: Ball 3-2: SINGLE (Line Drive, 6M, EV 99.4 MPH)
|
Batting: RHB Jim Miske
|
0-0: Called Strike 0-1: Ball 1-1: Ball 2-1: Ball 3-1: Swinging Strike 3-2: Strikes out swinging
|
Batting: RHB Donovan Auclair
|
0-0: Ball 1-0: Swinging Strike 1-1: Swinging Strike 1-2: Strikes out looking
|
Batting: RHB Jon Buscher
|
0-0: Ball 1-0: Called Strike 1-1: Ball 2-1: Foul Ball, location: 2F 2-2: Ground out 4-3 (Groundball, 4, EV 91.9 MPH)
|
Bottom of the 2nd over - 0 runs, 1 hit, 0 errors, 1 left on base; Gwinnett 4 - Syracuse 0 |
TOP OF THE 3RD |
Gwinnett Braves batting - Pitching for Syracuse Chiefs : RHP Chris Wood
|
Batting: RHB Jose Garate
|
0-0: Ball 1-0: Called Strike 1-1: Fly out, F7 (Flyball, 78S, EV 89.4 MPH)
|
Batting: SHB David Beauchamp
|
0-0: Ball 1-0: SINGLE (Line Drive, 7S, EV 106.2 MPH)
|
Batting: RHB Roberto Gonzalez
|
0-0: Ball David Beauchamp is caught stealing 2nd base 2-4 1-0: Swinging Strike 1-1: Ball 2-1: Foul Ball, location: 2F 2-2: Ball 3-2: Base on Balls
|
Batting: RHB Jesse Lester
|
0-0: Ball 1-0: Foul Ball, location: 2F 1-1: Foul Ball, location: 2F 1-2: Ground out 4-3 (Groundball, 4, EV 88.1 MPH)
|
Top of the 3rd over - 0 runs, 1 hit, 0 errors, 1 left on base; Gwinnett 4 - Syracuse 0 |
BOTTOM OF THE 3RD |
Syracuse Chiefs batting - Pitching for Gwinnett Braves : RHP Jeremy Kasten
|
Batting: RHB Rafael Medina
|
0-0: Called Strike 0-1: Swinging Strike 0-2: Strikes out swinging
|
Batting: RHB John McNeill
|
0-0: Ball 1-0: Foul Ball, location: 2F 1-1: SINGLE (Line Drive, 8RS, EV 86.2 MPH)
|
Batting: LHB Pat Aviles
|
0-0: Foul Ball, location: 2F 0-1: 2-RUN HOME RUN (Flyball, 7D, EV 98.1 MPH), Distance : 367 ft
|
Batting: LHB Kyung-jin Cho
|
0-0: Ball 1-0: Ground out U3 (Groundball, 34, EV 82.5 MPH)
|
Batting: LHB Jae-ik Soung
|
0-0: Swinging Strike 0-1: Ball 1-1: Ground out 1-3 (Groundball, 15, EV 72.5 MPH)
|
Bottom of the 3rd over - 2 runs, 2 hits, 0 errors, 0 left on base; Gwinnett 4 - Syracuse 2 |
TOP OF THE 4TH |
Gwinnett Braves batting - Pitching for Syracuse Chiefs : RHP Chris Wood
|
Batting: RHB Riley Nasiir
|
0-0: Swinging Strike 0-1: Foul Ball, location: 2F 0-2: Ball 1-2: Ball 2-2: Ground out 6-3 (Groundball, 6, EV 90.0 MPH)
|
Batting: LHB Robby Dann
|
0-0: Ball 1-0: Called Strike 1-1: Swinging Strike 1-2: Ball 2-2: Ground out 4-3 (Groundball, 4, EV 90.6 MPH)
|
Batting: LHB Luis Cruz
|
0-0: Foul Ball, location: 2F 0-1: Ground out 3-1 (Groundball, 34, EV 82.5 MPH)
|
Top of the 4th over - 0 runs, 0 hits, 0 errors, 0 left on base; Gwinnett 4 - Syracuse 2 |
BOTTOM OF THE 4TH |
Syracuse Chiefs batting - Pitching for Gwinnett Braves : RHP Jeremy Kasten
|
Batting: LHB Doug Anderson
|
0-0: Called Strike 0-1: Ball 1-1: Ground out 3-1 (Groundball, 34, EV 83.1 MPH)
|
Batting: RHB Jim Miske
|
0-0: Ball 1-0: SINGLE (Groundball, 56D, EV 115.0 MPH)
|
Batting: RHB Donovan Auclair
|
0-0: Called Strike 0-1: Called Strike 0-2: Fly out, F8 (Line Drive, 89M, EV 106.9 MPH)
|
Batting: RHB Jon Buscher
|
0-0: SINGLE (Groundball, 6MD, EV 94.4 MPH) Jim Miske to second
|
Batting: RHB Rafael Medina
|
0-0: Foul Ball, location: 2F 0-1: Ball 1-1: Fly out, F9 (Flyball, 9LS, EV 86.9 MPH)
|
Bottom of the 4th over - 0 runs, 2 hits, 0 errors, 2 left on base; Gwinnett 4 - Syracuse 2 |
TOP OF THE 5TH |
Gwinnett Braves batting - Pitching for Syracuse Chiefs : RHP Chris Wood
|
Pitching: RHP Sean Rice
|
|
Batting: LHB Mark Buchholz
|
0-0: Called Strike 0-1: Foul Ball, location: 2F 0-2: Strikes out swinging
|
Batting: RHB Jose Ramos
|
0-0: Ball 1-0: Foul Ball, location: 2F 1-1: Called Strike 1-2: Strikes out swinging
|
Batting: RHB Jose Garate
|
0-0: Ball 1-0: Ball 2-0: Ball 3-0: Base on Balls
|
Batting: SHB David Beauchamp
|
0-0: Ball 1-0: Swinging Strike 1-1: Foul Ball, location: 2F 1-2: Foul Ball, location: 2F 1-2: Foul Ball, location: 2F 1-2: Foul Ball, location: 2F 1-2: Ball 2-2: Ball 3-2: Base on Balls Jose Garate to second
|
Batting: RHB Roberto Gonzalez
|
0-0: Called Strike 0-1: Ball 1-1: Called Strike 1-2: Strikes out swinging
|
Top of the 5th over - 0 runs, 0 hits, 0 errors, 2 left on base; Gwinnett 4 - Syracuse 2 |
BOTTOM OF THE 5TH |
Syracuse Chiefs batting - Pitching for Gwinnett Braves : RHP Jeremy Kasten
|
Batting: RHB John McNeill
|
0-0: Ball 1-0: Ball 2-0: SINGLE (Groundball, 6D, EV 103.1 MPH)
|
Batting: LHB Pat Aviles
|
0-0: SINGLE (Line Drive, 4MD, EV 96.9 MPH) John McNeill to second
|
Batting: LHB Kyung-jin Cho
|
0-0: Called Strike 0-1: Called Strike 0-2: SINGLE (Flyball, 56D, EV 92.5 MPH) John McNeill to third Pat Aviles to second
|
Batting: LHB Jae-ik Soung
|
0-0: Foul Ball, location: 2F 0-1: SINGLE (Groundball, 6MD, EV 94.4 MPH) John McNeill scores Pat Aviles to third Kyung-jin Cho to second Runner from 3rd tries for Home, SAFE, throw by CF to home
|
Batting: LHB Doug Anderson
|
0-0: Called Strike 0-1: Foul Ball, location: 2F 0-2: Foul Ball, location: 2F 0-2: Ball 1-2: Foul Ball, location: 2F 1-2: Foul Ball, location: 2F 1-2: Ball 2-2: Fielders Choice at 2nd, 5-4 (Groundball, 56, EV 85.6 MPH) Kyung-jin Cho to third
|
Batting: RHB Jim Miske
|
0-0: Called Strike 0-1: SINGLE (Flyball, 6D, EV 93.8 MPH) Kyung-jin Cho scores Doug Anderson to second
|
Batting: RHB Donovan Auclair
|
0-0: Ball 1-0: Ball 2-0: Ball 3-0: Base on Balls Doug Anderson to third Jim Miske to second
|
Pitching: RHP Jonathan Ballejos
|
|
Batting: RHB Jon Buscher
|
0-0: Called Strike 0-1: Ball 1-1: Swinging Strike 1-2: Ball 2-2: Foul Ball, location: 2F 2-2: Foul Ball, location: 2F 2-2: Strikes out swinging
|
Batting: RHB Rafael Medina
|
0-0: Ball 1-0: Ball 2-0: Foul Ball, location: 2F 2-1: Ball 3-1: SINGLE (Line Drive, 4D, EV 103.8 MPH) Doug Anderson scores Jim Miske to third Donovan Auclair to second Runner from 3rd tries for Home, throw by CF and OUT! 8-2
|
Bottom of the 5th over - 4 runs, 6 hits, 0 errors, 2 left on base; Gwinnett 4 - Syracuse 6 |
TOP OF THE 6TH |
Gwinnett Braves batting - Pitching for Syracuse Chiefs : RHP Sean Rice
|
Batting: RHB Jesse Lester
|
0-0: Ball 1-0: DOUBLE (Line Drive, 89D, EV 112.5 MPH)
|
Batting: RHB Riley Nasiir
|
0-0: Fly out, F8 (Flyball, 8LXD, EV 110.6 MPH) Runner from 2nd tags up, SAFE at 3rd, no throw by CF
|
Batting: LHB Robby Dann
|
0-0: Called Strike 0-1: Ball 1-1: Ball 2-1: Swinging Strike 2-2: Foul Ball, location: 2F 2-2: Strikes out swinging
|
Batting: LHB Luis Cruz
|
0-0: Called Strike 0-1: Foul Ball, location: 2F 0-2: Foul Ball, location: 2F 0-2: Strikes out looking
|
Top of the 6th over - 0 runs, 1 hit, 0 errors, 1 left on base; Gwinnett 4 - Syracuse 6 |
BOTTOM OF THE 6TH |
Syracuse Chiefs batting - Pitching for Gwinnett Braves : RHP Jonathan Ballejos
|
Batting: RHB John McNeill
|
0-0: Called Strike 0-1: Called Strike 0-2: Ground out 1-3 (Groundball, 34S, EV 64.4 MPH)
|
Batting: LHB Pat Aviles
|
0-0: Ball 1-0: Called Strike 1-1: Foul Ball, location: 2F 1-2: Strikes out swinging
|
Batting: LHB Kyung-jin Cho
|
0-0: Called Strike 0-1: Ground out 4-3 (Groundball, 4, EV 85.0 MPH)
|
Bottom of the 6th over - 0 runs, 0 hits, 0 errors, 0 left on base; Gwinnett 4 - Syracuse 6 |
TOP OF THE 7TH |
Gwinnett Braves batting - Pitching for Syracuse Chiefs : RHP Sean Rice
|
Pitching: RHP Greg Adair
|
|
Batting: LHB Mark Buchholz
|
0-0: Fly out, F7 (Flyball, 78M, EV 85.6 MPH)
|
Batting: RHB Jose Ramos
|
0-0: Ball 1-0: Ground out 6-3 (Groundball, 6, EV 111.2 MPH)
|
Batting: RHB Jose Garate
|
0-0: Ball 1-0: Foul Ball, location: 2F 1-1: Ball 2-1: Foul Ball, location: 2F 2-2: Foul Ball, location: 2F 2-2: Ball 3-2: Strikes out looking
|
Top of the 7th over - 0 runs, 0 hits, 0 errors, 0 left on base; Gwinnett 4 - Syracuse 6 |
BOTTOM OF THE 7TH |
Syracuse Chiefs batting - Pitching for Gwinnett Braves : RHP Jonathan Ballejos
|
Pitching: RHP David Krampe
|
|
Batting: LHB Jae-ik Soung
|
0-0: Ball 1-0: Called Strike 1-1: Ball 2-1: Foul Ball, location: 2F 2-2: Ball 3-2: Ground out U3 (Groundball, 23, EV 83.8 MPH)
|
Batting: LHB Doug Anderson
|
0-0: Ball 1-0: Fly out, F7 (Line Drive, 7S, EV 85.6 MPH)
|
Batting: RHB Jim Miske
|
0-0: Ball 1-0: Swinging Strike 1-1: Called Strike 1-2: SINGLE (Flyball, 8LS, EV 86.2 MPH)
|
Batting: RHB Donovan Auclair
|
0-0: Called Strike Jim Miske is caught stealing 2nd base 2-4
|
Bottom of the 7th over - 0 runs, 1 hit, 0 errors, 0 left on base; Gwinnett 4 - Syracuse 6 |
TOP OF THE 8TH |
Gwinnett Braves batting - Pitching for Syracuse Chiefs : RHP Greg Adair
|
Batting: SHB David Beauchamp
|
0-0: Ball 1-0: Ground out 5-3 (Groundball, 56S, EV 86.9 MPH)
|
Batting: RHB Roberto Gonzalez
|
0-0: Called Strike 0-1: Foul Ball, location: 2F 0-2: Strikes out swinging
|
Batting: RHB Jesse Lester
|
0-0: Swinging Strike 0-1: Ball 1-1: Ball 2-1: Foul Ball, location: 2F 2-2: Strikes out swinging
|
Top of the 8th over - 0 runs, 0 hits, 0 errors, 0 left on base; Gwinnett 4 - Syracuse 6 |
BOTTOM OF THE 8TH |
Syracuse Chiefs batting - Pitching for Gwinnett Braves : RHP David Krampe
|
Batting: RHB Donovan Auclair
|
0-0: Ball 1-0: Called Strike 1-1: Ball 2-1: Ground out 6-3 (Groundball, 6, EV 86.2 MPH)
|
Batting: RHB Jon Buscher
|
0-0: Called Strike 0-1: Ball 1-1: Foul Ball, location: 2F 1-2: Ball 2-2: Ball 3-2: SINGLE (Groundball, 34D, EV 110.6 MPH)
|
Batting: RHB Rafael Medina
|
0-0: Foul Ball, location: 2F 0-1: Swinging Strike 0-2: Ball 1-2: Strikes out swinging
|
Batting: RHB John McNeill
|
0-0: Ball 1-0: Ball 2-0: Foul Ball, location: 2F 2-1: Foul Ball, location: 2F 2-2: Fly out, F7 (Flyball, 7LM, EV 87.5 MPH)
|
Bottom of the 8th over - 0 runs, 1 hit, 0 errors, 1 left on base; Gwinnett 4 - Syracuse 6 |
TOP OF THE 9TH |
Gwinnett Braves batting - Pitching for Syracuse Chiefs : RHP Greg Adair
|
Pitching: RHP Jamie Verberkmoes
|
|
Batting: RHB Riley Nasiir
|
0-0: Ball 1-0: Ground out 4-3 (Groundball, 4, EV 105.6 MPH)
|
Batting: LHB Robby Dann
|
0-0: Ball 1-0: Ball 2-0: Called Strike 2-1: Ball 3-1: Fly out, F8 (Line Drive, 89M, EV 106.2 MPH)
|
Batting: LHB Luis Cruz
|
0-0: Ball 1-0: Swinging Strike 1-1: Ball 2-1: Swinging Strike 2-2: Ball 3-2: Base on Balls
|
Batting: LHB Mark Buchholz
|
0-0: Ball 1-0: Called Strike 1-1: Ball 2-1: Foul Ball, location: 2F 2-2: Fly out, F7 (Line Drive, 7, EV 98.8 MPH)
|
Top of the 9th over - 0 runs, 0 hits, 0 errors, 1 left on base; Gwinnett 4 - Syracuse 6 |
|